AoeStats
← Мордочка в кефире

Nomad

509450583Analyzed
4v4 RM · 6d ago on Sep 26, 2026· 31m 50s· 8 players
Game mode
Random Map
Map size
231×231
Population
200
Speed
Normal
Resources
Standard
Victory
Conquest
Starting age
Dark Age
Ending age
Imperial Age
RankedLock teamsTeams togetherTeam positionsShared explorationLock speedFull tech treeHidden civsTurbo modeCheats
Victory
Defeat
🇸🇪 Malians · Sweden
1308
+12
🇨🇦 Persians · Canada
1300
+12
🇪🇨 Tupi · Ecuador
1234
+15
🇪🇨 Aztecs · Ecuador
1082
+22
🇧🇷 Lithuanians · Brazil
1276
-18
1239
-16
🇬🇧 Saxons · United Kingdom
1179
-14
🇬🇧 Magyars · United Kingdom
1169
-13
Мордочка в кефире
14:02 Feudal Age
15:03 Loom
17:43 Castle Age
19:17 Fletching
19:57 Bodkin Arrow
21:56 Eupseong
22:21 Stone Mining
27:31 Ballistics
26:57 Treadmill Crane
Rincewind
14:15 Feudal Age
22:12 Castle Age
26:09 Stone Mining
26:14 Fletching
26:25 Padded Archer Armor
Des
4:00 Loom
13:22 Feudal Age
17:19 Castle Age
17:39 Wheelbarrow
17:20 Horse Collar
21:48 Scale Mail Armor
23:50 Forging
25:26 Gold Mining
26:15 Double-Bit Axe
27:53 Fletching
tchesgos
7:34 Loom
14:00 Feudal Age
17:44 Castle Age
15:51 Double-Bit Axe
18:37 Bow Saw
22:01 Town Watch
a7xbast
4:30 Loom
14:05 Feudal Age
18:24 Castle Age
16:30 Fishing Lines
22:19 Bloodlines
23:39 Gold Mining
27:46 Double-Bit Axe
32:05 Scale Barding Armor
Juanse7991
3:29 Loom
12:34 Feudal Age
22:05 Castle Age
20:24 Fishing Lines
31:08 Wheelbarrow
IscoNavas
16:20 Feudal Age
15:53 Loom
18:08 Arson
18:45 Scale Mail Armor
20:20 Man-at-Arms
28:07 Castle Age
27:47 Horse Collar
28:01 Fletching
28:15 Long Swordsman
29:11 Forging
32:44 Chain Mail Armor
Jesus_was_black
3:00 Loom
13:32 Feudal Age
18:08 Castle Age
16:16 Double-Bit Axe
17:38 Horse Collar
19:32 Bow Saw
20:40 Gold Mining
21:25 Squires
22:23 Forging
30:40 Fletching
31:26 Iron Casting
31:33 Scale Mail Armor
Connection lost

Rejoining the realm…

Still unreachable

The connection could not be restored.

Session expired

The server has moved on; the page needs a fresh start.